 Dungeon Crawl Stone Soup version 0.24-a0-441-g27f0392e16 (webtiles) character file.

Game seed: 6145016822160579273

60 Kuinu the Skirmisher (level 3, -2/33 HPs)
             Began as a Draconian Berserker on June 19, 2019.
             Was a Believer of Trog.
             Slain by an adder (3 damage)
             ... on level 3 of the Dungeon.
             The game lasted 00:02:44 (1448 turns).

Kuinu the Skirmisher (Draconian Berserker)          Turns: 1448, Time: 00:02:44

Health: -2/33      AC:  5    Str: 20    XL:     3   Next: 80%
Magic:  3/3        EV: 19    Int:  7    God:    Trog [**....]
Gold:   92         SH:  0    Dex: 10    Spells: 2/2 levels left

rFire    . . .     SeeInvis .   a - +0 falchion
rCold    . . .     Gourm    .   (no shield)
rNeg     . . .     Faith    .   (armour unavailable)
rPois    .         Spirit   .   (helmet restricted)
rElec    .         Reflect  .   (no cloak)
rCorr    .         Harm     .   (no gloves)
MR       .....                  (no boots)
Stlth    +.........             (no amulet)
HPRegen  0.11/turn              e - +6 ring of evasion
MPRegen  0.08/turn              (no ring)

@: no status effects
A: unfitting armour, cold-blooded, AC +5
a: Berserk, Trog's Hand, Renounce Religion


You were on level 3 of the Dungeon.
You worshipped Trog.
Trog was pleased with you.
You were not hungry.

You visited 1 branch of the dungeon, and saw 3 of its levels.

You collected 92 gold pieces.

Inventory:

Hand Weapons
 a - a +0 falchion (weapon)
Jewellery
 e - a +6 ring of evasion (left hand)
Scrolls
 c - a scroll of remove curse {unknown}
 d - 2 scrolls of blinking {unknown}
 h - 2 scrolls of identify {unknown}
 i - a scroll of teleportation {unknown}
Potions
 g - a potion of resistance {unknown}
 j - 2 potions of curing {unknown}
 k - a potion of flight {unknown}
 l - 2 potions of might {unknown}
Comestibles
 b - 5 rations
 f - 3 chunks of flesh


   Skills:
 * Level 4.1 Fighting
 * Level 3.8 Long Blades
 + Level 3.1 Dodging


You had 2 spell levels left.
You didn't know any spells.
Your spell library was empty.

Dungeon Overview and Level Annotations

Branches:
Dungeon (3/15)

Altars:


Innate Abilities, Weirdness & Mutations

Your plain brown scales are hard. (AC +5)
You cannot fit into any form of body armour.
You are cold-blooded and may be slowed by cold attacks.


Message History

Unknown command.
Unknown command.
You closely miss the adder.
The centaur shoots an arrow.
The arrow completely misses you. The adder closely misses you.
The goblin closely misses you.
The centaur shoots an arrow.
The arrow hits you.
Unknown command.
You hit the adder but do no damage. The adder bites you but does no damage.
The centaur shoots an arrow.
The arrow hits you! The goblin completely misses you. The adder misses you.
Unknown command.
You are too injured to fight recklessly!
You are too injured to fight recklessly!
Unknown command.
The centaur shoots an arrow.
The arrow misses you.
You see here an arrow.
The centaur shoots an arrow.
The arrow hits you!
* * * LOW HITPOINT WARNING * * *
You see here an arrow.
The adder bites you.
You die...

##....#.# .......
#. ...#.#
#.#.#####.... .
.......().# ..
#.......(.#
##.##.######g.#.#
........<..S....#
.#...#..@#..#.#
#...รท...#..#.#
#...#.#.##....
#.#.#.......... #
#.###.####.### ..
.... .# #. .....
. ## ####..# ..#


You could see an adder and a goblin.

Vanquished Creatures
  2 adders (D:2)
  A worm (D:2)
  4 dart slugs (D:1)
  3 giant cockroaches
  4 goblins
  4 hobgoblins
  A kobold (D:1)
  A quokka (D:2)
  3 bats (D:2)
  3 frilled lizards
  6 rats
32 creatures vanquished.

Notes
Turn   | Place    | Note
-------+----------+-------------------------------------------
     0 | D:1      | Kuinu the Draconian Berserker began the quest for the Orb.
     0 | D:1      | Reached XP level 1. HP: 19/19 MP: 1/1
   136 | D:1      | Reached XP level 2. HP: 25/26 MP: 2/2
   832 | D:2      | Reached XP level 3. HP: 33/33 MP: 3/3
   890 | D:2      | Reached skill level 4 in Fighting
   939 | D:2      | Reached ** piety under Trog
  1300 | D:2      | Found a faded altar of an unknown god.
  1440 | D:3      | Noticed a centaur
  1447 | D:3      | HP: 1/33 [centaur/arrow (13)]
  1448 | D:3      | Slain by an adder

Levels and vault maps discovered:
D:1:      ncdulo_wetmaze, layout_basic
D:2:      layout_loops_ring, chequers_ecumenical_altar_grove, first_ration
D:3:      layout_basic, minivault_5, grunt_ministairs_1,
          chequers_serial_rivers_micro_b, hangedman_decor_slide_cut, tgw_fedhas,
          uniq_robin

Skill      XL: |  1  2  3 |
---------------+----------+-----
Fighting       | 4 |  4.1
Dodging        | 3 |  3.1
Long Blades    | |  3.8

Action                   || total
-------------------------++-------
Melee: Falchion          ||    78
       Tailslap          ||    11
 Stab: Sleeping          ||     1
  Eat: Chunk             ||     2
Armor: Skin              ||     6
Dodge: Dodged            ||    75
       Rpst.: Falchion   ||    21

Table legend:
 A = Non-vault XP
 B = Vault XP
 C = Vault XP percentage of total XP
 D = Non-vault monster count
 E = Vault monster count
 F = Vault count percentage of total count
                 A         B        C        D         E       F
            +---------+---------+-------+---------+---------+-------
      Total |      86 |       0 |   0.0 |      32 |       0 |   0.0
            +---------+---------+-------+---------+---------+-------
        D:1 |      37 |       0 |   0.0 |      17 |       0 |   0.0
        D:2 |      46 |       0 |   0.0 |      13 |       0 |   0.0
        D:3 |       3 |       0 |   0.0 |       2 |       0 |   0.0
            +---------+---------+-------+---------+---------+-------
